 Dungeon Crawl Stone Soup version 0.27.0-1-g7a089689b8 (webtiles) character file.

Game seed: 13363582572468202222

68 dtburroughs the Skirmisher (level 4, -1/40 HPs)
             Began as a Minotaur Berserker on Aug 8, 2021.
             Was a Follower of Trog.
             Slain by Sigmund (14 damage)
             ... on level 2 of the Dungeon.
             The game lasted 00:02:01 (1163 turns).

dtburroughs the Skirmisher (Minotaur Berserker)     Turns: 1163, Time: 00:02:02

Health: -1/40      AC:  0    Str: 22    XL:     4   Next: 1%
Magic:  3/3        EV: 14    Int:  5    God:    Trog [*.....]
Gold:   39         SH:  0    Dex:  9    Spells: 3/3 levels left

rFire    . . .     SeeInvis .   (weapon currently unavailable)
rCold    . . .     Faith    .   (shield currently unavailable)
rNeg     . . .     Spirit   .   (armour currently unavailable)
rPois    .         Reflect  .   (helmet currently unavailable)
rElec    .         Harm     .   (cloak currently unavailable)
rCorr    .         Rampage  .   (gloves currently unavailable)
Will     .....                  (boots currently unavailable)
Stlth    +.........             (no amulet)
HPRegen  0.13/turn              (ring currently unavailable)
MPRegen  0.08/turn              (ring currently unavailable)

@: pig-form, very quick
A: fast, no casting, small, (horns 2), (retaliatory headbutt)
a: Renounce Religion, Berserk


You were on level 2 of the Dungeon.
You worshipped Trog.
Trog was aware of your devotion.
You were a filthy swine.
You visited 1 branch of the dungeon, and saw 2 of its levels.

You collected 39 gold pieces.

Inventory:

Hand Weapons
 a - a +0 hand axe (melded)
Armour
 b - a +0 animal skin (melded)
Jewellery
 e - a +4 ring of protection (melded)
Scrolls
 c - a scroll of teleportation {unknown}
 d - 2 scrolls of noise {unknown}
Potions
 f - a potion of ambrosia {unknown}
 g - a potion of magic {unknown}


   Skills:
 + Level 4.3 Fighting
 + Level 4.3 Axes
 + Level 3.4 Armour
 + Level 3.0 Dodging


You had 3 spell levels left.
You didn't know any spells.
Your spell library was empty.

Dungeon Overview and Level Annotations

Branches:
Dungeon (2/15)

Altars:

Annotations:
D:2 Sigmund


Innate Abilities, Weirdness & Mutations

You are a filthy swine.
You move quickly.
Your equipment is almost entirely melded.
You are incapable of wielding weapons or throwing items.
You cannot cast spells.
((You have a pair of horns on your head.))
((You reflexively headbutt those who attack you in melee.))


Message History

You feel stronger.
You hear some strange, mumbled words.
Something tries to affect you, but you resist.
You see here an adder corpse.
Your transformation is almost over.
A puff of flame appears from out of thin air!
The puff of flame hits you but does no damage.
You resist.
Sigmund points at you and mumbles some strange words.
The magic dart hits you.
Sigmund zaps a wand.
Sigmund zaps a wand.
You resist with some effort.
Your transformation has ended.
Your +0 hand axe unmelds from your body.
Your +0 animal skin unmelds from your body.
Your +4 ring of protection unmelds from your body.
Your skin crawls.
You feel strong-willed.
You can no longer call upon Trog for regeneration and willpower.
Sigmund looks at you with fury.
Sigmund gestures wildly while chanting.
Sigmund flickers and vanishes!
You feel the effects of Trog's Hand fading.
Your skin stops crawling.
You feel less strong-willed.
You hear a zap.
You turn into a filthy swine.
Your +0 hand axe melds into your body.
Your +0 animal skin melds into your body.
Your +4 ring of protection melds into your body.
You barely miss something. Something barely misses you.
You fail to use your ability.
Something hits you!
You closely miss something.
You hear a zap.
Something tries to affect you, but you resist.
You completely miss something.
You hear a zap.
The now-empty wand crumbles to dust.
You closely miss something. Something hits you!
You hit something. Something barely misses you.
You closely miss something. Something hits you!
You die...

#.).#.# #..........#####
#########.####
#...........@...
#.....#8...8#
#......{...#####
#.....###.###
######.##### #
#.....#8...8#### #.# .
#.....###.###..# #.# .
#.....#8...8##.# #.# .
#.....###.####.#######w#
.
##.....#8...8##.h{......#
.
.......###.##############
. ##...........### .
######........# .
#........# . #........# .
#........# . #........# .
#.<......# .


You could see a worm.

Vanquished Creatures
  4 adders (D:2)
  2 worms (D:2)
  2 ball pythons
  2 bats (D:1)
  2 endoplasms (D:1)
  A giant cockroach (D:1)
  5 goblins
  A quokka (D:1)
  2 frilled lizards (D:1)
  3 kobolds
  4 rats
28 creatures vanquished.

Notes
Turn   | Place    | Note
-------+----------+-------------------------------------------
     0 | D:1      | dtburroughs the Minotaur Berserker began the quest for the
                  | Orb.
     0 | D:1      | Reached XP level 1. HP: 19/19 MP: 0/0
   397 | D:1      | Reached XP level 2. HP: 27/27 MP: 1/1
   451 | D:1      | Found a faded altar of an unknown god.
   836 | D:2      | Reached XP level 3. HP: 33/33 MP: 2/2
  1083 | D:2      | Noticed Sigmund
  1121 | D:2      | Reached ** piety under Trog
  1122 | D:2      | Reached XP level 4. HP: 26/40 MP: 3/3
  1163 | D:2      | Slain by Sigmund

Illustrated notes

Levels and vault maps discovered:
D:1:      amcnicky_arrival_feature_with_door, layout_loops_cross,
          chequers_ecumenical_altar_island
D:2:      layout_basic, minmay_misc_feat_hallway, uniq_sigmund

Skill      XL: |  1  2  3 |
---------------+----------+-----
Armour         | 3 |  3.4
Fighting       | 4 |  4.3
Axes           | 4 |  4.3
Dodging        | 3 |  3.0

Action                   |  1- 3 |  4- 6 || total
-------------------------+-------+-------++-------
Melee: Hand axe          |    61 |       ||    61
       Headbutt          |    10 |       ||    10
       Unarmed           |     5 |     6 ||    11
Invok: Trog's Hand       |       |     1 ||     1
Armor: Animal skin       |    27 |       ||    27
       Skin              |     1 |       ||     1
Dodge: Dodged            |    40 |     2 ||    42
